 Dungeon Crawl Stone Soup version 0.19.1-1-g22dce08 (webtiles) character file.

1840 senseless the Carver (level 9, -2/62 HPs)
             Began as a Human Monk on Dec 14, 2016.
             Was a Believer of Hepliaklqana.
             Shot with a sling bullet by Joseph (3 damage)
             ... on level 7 of the Dungeon on Dec 29, 2016.
             The game lasted 00:26:14 (5334 turns).

senseless the Carver (Human Monk)                   Turns: 5334, Time: 00:26:15

Health: -2/62      AC: 11    Str: 12    XL:     9   Next: 33%
Magic:  9/9        EV:  7    Int: 12    God:    Hepliaklqana [**....]
Gold:   134        SH:  0    Dex: 17    Spells: 0 memorised, 8 levels left

rFire  . . .     SeeInvis .     a - +2 falchion
rCold  . . .     Gourm    .     y - +0 chain mail
rNeg   . . .     Faith    .     (no shield)
rPois  +         Spirit   .     (no helmet)
rElec  .         Reflect  .     (no cloak)
rCorr  .         Harm     .     h - +1 pair of gloves
MR     .....                    (no boots)
Stlth  ..........               (no amulet)
                                (no ring)
                                f - ring of poison resistance

@: no status effects
A: reduced essence
a: Recall Ancestor, Ancestor Identity, Renounce Religion


You were on level 7 of the Dungeon.
You worshipped Hepliaklqana.
Hepliaklqana was pleased with you.
You were not hungry.

You visited 1 branch of the dungeon, and saw 7 of its levels.

You collected 326 gold pieces.
You spent 192 gold pieces at shops.

Inventory:

Hand Weapons
 a - a +2 falchion (weapon)
Missiles
 v - 2 tomahawks of returning (quivered)
Armour
 h - a +1 pair of gloves (worn)
 r - a +0 scale mail
 y - a +0 chain mail (worn)
Jewellery
 f - a ring of poison resistance (left hand)
Wands
 o - a wand of confusion (39/48)
 s - a wand of slowing (19/48)
 w - a wand of teleportation (4/9)
 z - a wand of acid (5/15)
Scrolls
 e - a scroll of recharging
 j - 4 scrolls of identify
 l - a scroll of fear
 m - a scroll of blinking
 n - 2 scrolls of remove curse
 B - 2 scrolls of enchant weapon
Potions
 b - a potion of invisibility
 d - a potion of flight
 p - a potion of heal wounds
 q - a potion of curing
 t - a potion of ambrosia
 F - a potion of magic
Books
 i - a book of Conjurations

   Spells                             Type                      Level
   a - Magic Dart                     Conjuration                  1
   b - Searing Ray                    Conjuration                  2
   c - Dazzling Spray                 Conjuration/Hexes            3
   d - Fulminant Prism                Conjuration/Hexes            4
   e - Iskenderun's Mystic Blast      Conjuration                  4
   f - Iskenderun's Battlesphere      Conjuration/Charms           5
 D - a book of Debilitation

   Spells                             Type                      Level
   a - Corona                         Hexes                        1
   b - Slow                           Hexes                        2
   c - Gell's Gravitas                Hexes/Translocation          3
   d - Inner Flame                    Hexes/Fire                   3
   e - Cause Fear                     Hexes                        4
   f - Leda's Liquefaction            Hexes/Earth                  4
 G - a book of Cantrips

   Spells                             Type                      Level
   a - Confusing Touch                Hexes                        1
   b - Animate Skeleton               Necromancy                   1
   c - Summon Small Mammal            Summoning                    1
   d - Apportation                    Translocation                1
Comestibles
 c - 5 bread rations
 g - a slice of pizza
 k - 7 meat rations
 u - 2 beef jerkies
 E - 2 fruits


   Skills:
 + Level 6.0 Fighting
 + Level 8.7 Long Blades
 + Level 4.5 Armour
 + Level 4.3 Dodging
 + Level 3.3 Stealth


You had 8 spell levels left.
You didn't know any spells.

Dungeon Overview and Level Annotations

Branches:
Dungeon (7/15)             Temple (0/1) D:6

Altars:
Elyvilon
Hepliaklqana
Nemelex Xobeh
Uskayaw
Zin

Shops:
D:6 ?

Annotations:
D:7 Joseph


Message History

* * * LOW HITPOINT WARNING * * *
You hit Joseph.
Joseph is moderately wounded.
Level annotation: Joseph Welcome back, senseless the Human Monk.
Press ? for a list of commands and other information.
Joseph is nearby!
Okay, then.
Joseph unwields an uncursed enchanted quarterstaff.
Joseph wields an uncursed hunting sling.
Joseph shoots a sling bullet.
The sling bullet hits you!
* * * LOW HITPOINT WARNING * * *
You see here a sling bullet.
Joseph says, "You will never get the ORB, sorry."
Joseph shoots a sling bullet.
The sling bullet barely misses you.
You see here a sling bullet.
A wight comes into view.
It is wielding a scimitar. 2 wights come into view.
Joseph shoots a sling bullet.
The sling bullet hits you.
You die... z

#####.z
.......
...z. ...
###.#
#.@.#
#.### #(#
###(#
#.@.#
##.######
#...R@..#
#.(####..#
##<.# #


You could see Joseph and 3 wights.

Vanquished Creatures
  The ghost of Haldmier the Slasher, a novice HESk (D:3)
  Grinder (D:4)
  An ogre (D:5)
  2 centaurs
  Blork the orc (D:4)
  A bullfrog (D:6)
  A howler monkey (D:6)
  2 crimson imps
  A bullfrog zombie (D:6)
  A quasit (D:5)
  2 centaur zombies (D:5)
  2 orc priests
  An orc wizard (D:6)
  Ijyb (D:3)
  A centaur skeleton (D:5)
  A worker ant (D:4)
  7 gnolls (D:2)
  9 adders
  2 shadow imps (D:5)
  An ooze (D:5)
  4 worms
  2 dart slugs
  4 leopard geckos
  16 orcs
  A ball python (D:2)
  5 giant cockroaches
  5 goblins
  4 hobgoblins
  10 jackals
  2 quokkas
  6 bats
  4 frilled lizards
  9 kobolds
  A leopard gecko skeleton (D:4)
  8 rats
120 creatures vanquished.

Vanquished Creatures (collateral kills)
  A bullfrog (D:6)
  A crimson imp (D:6)
  2 orc priests (D:6)
  A hound (D:6)
  2 orc wizards
  A centaur skeleton (D:5)
  An iguana (D:6)
  An adder (D:5)
  An adder skeleton (D:5)
  A worm (D:5)
  3 orcs
15 creatures vanquished.

Vanquished Creatures (others)
  A battlemage (D:7)
1 creature vanquished.

Grand Total: 136 creatures vanquished

Notes
Turn   | Place    | Note
-------+----------+-------------------------------------------
     0 | D:1      | senseless the Human Monk began the quest for the Orb.
     0 | D:1      | Reached XP level 1. HP: 18/18 MP: 1/1
    45 | D:1      | Reached XP level 2. HP: 21/24 MP: 2/2
   478 | D:2      | Reached XP level 3. HP: 29/29 MP: 3/3
   732 | D:2      | Reached XP level 4. HP: 20/37 MP: 4/4
  1755 | D:2      | Reached skill level 4 in Long Blades
  1755 | D:2      | Reached skill level 1 in Armour
  1769 | D:2      | Reached XP level 5. HP: 31/42 MP: 5/5
  2555 | D:3      | Noticed Ijyb
  2556 | D:3      | Noticed Haldmier's ghost (novice HESk)
  2578 | D:3      | Killed Ijyb
  2578 | D:3      | Reached XP level 6. HP: 38/48 MP: 6/6
  2602 | D:3      | HP: 1/48 [Haldmier's ghost (7)]
  2610 | D:3      | Killed Haldmier's ghost
  2610 | D:3      | Reached skill level 5 in Long Blades
  2610 | D:3      | Reached XP level 7. HP: 29/55 MP: 7/7
  2920 | D:3      | Found a white marble altar of Elyvilon.
  3185 | D:4      | Reached skill level 6 in Long Blades
  3387 | D:4      | Noticed Blork the orc
  3404 | D:4      | Killed Blork the orc
  3466 | D:4      | Noticed Grinder
  3469 | D:4      | Paralysed by Grinder for 7 turns
  3491 | D:4      | Paralysed by Grinder for 3 turns
  3512 | D:4      | Killed Grinder
  3512 | D:4      | Reached XP level 8. HP: 7/61 MP: 8/8
  3816 | D:4      | Found a hazy altar of Hepliaklqana.
  3816 | D:4      | Found a hide-covered altar of Uskayaw.
  3823 | D:4      | Became a worshipper of Hepliaklqana the Forgotten
  3823 | D:4      | Reached * piety under Hepliaklqana
  3823 | D:4      | Reached ** piety under Hepliaklqana
  3824 | D:4      | Remembered your ancestor Agathoclea as a battlemage
  4074 | D:5      | Entered Level 5 of the Dungeon
  4205 | D:5      | Reached skill level 5 in Fighting
  4205 | D:5      | Reached skill level 7 in Long Blades
  4558 | D:5      | Found a sparkling altar of Nemelex Xobeh.
  4811 | D:6      | Reached XP level 9. HP: 59/61 MP: 9/9
  4814 | D:6      | Reached skill level 8 in Long Blades
  4928 | D:6      | Noticed an angel
  4929 | D:6      | Found a glowing silver altar of Zin.
  4951 | D:6      | Found Diatyr's Magic Scroll Emporium.
  4965 | D:6      | Found a staircase to the Ecumenical Temple.
  4989 | D:6      | Bought a scroll of enchant weapon for 82 gold pieces
  4989 | D:6      | Bought a scroll of identify for 22 gold pieces
  4989 | D:6      | Bought a scroll of identify for 22 gold pieces
  4989 | D:6      | Bought a scroll of identify for 22 gold pieces
  4989 | D:6      | Bought a scroll of identify for 22 gold pieces
  4989 | D:6      | Bought a scroll of identify for 22 gold pieces
  5314 | D:7      | Noticed Joseph
  5331 | D:7      | Upgraded the game from 0.19.1 to 0.19.1-1-g22dce08
  5331 | D:7      | HP: 1/62 [Joseph/sling bullet (9)]
  5334 | D:7      | Shot with a sling bullet by Joseph

Skill      XL: |  1  2  3  4  5  6  7  8  9 |
---------------+----------------------------+-----
Long Blades    | 4 5 6 7 8 |  8.7
Armour         | 1 2 3 4 |  4.5
Fighting       | 4 5 6 |  6.0
Dodging        | 4 |  4.3
Stealth        | 3 |  3.3

Action                   |  1- 3 |  4- 6 |  7- 9 || total
-------------------------+-------+-------+-------++-------
Melee: Falchion          |    89 |   206 |   308 ||   603
Invok: Ancestor Life: Ba |       |       |     1 ||     1
       Ancestor Identity |       |       |     1 ||     1
Evoke: Wand              |       |       |     1 ||     1
  Use: Potion            |     1 |     2 |     1 ||     4
       Scroll            |       |       |    22 ||    22
 Stab: Sleeping          |     1 |     1 |       ||     2
       Distracted        |       |       |     2 ||     2
  Eat: Chunk             |       |     6 |     9 ||    15
Armor: Robe              |     3 |       |       ||     3
       Ring mail         |    41 |    34 |       ||    75
       Scale mail        |       |    23 |    59 ||    82
       Chain mail        |       |       |    70 ||    70
Dodge: Dodged            |    55 |   110 |   141 ||   306
       Rpst.: Falchion   |    17 |    34 |    47 ||    98
